 Dungeon Crawl Stone Soup version 0.30-a0-373-gd37427bb62 (webtiles) character file.

Game seed: 16504183364657560564

369800 greenreed the Minotaur Barricade (level 21, 0/216 (218) HPs)
             Began as a Minotaur Berserker on Nov 23, 2022.
             Was the Champion of Trog.
             Killed from afar by an ancient champion (23 damage)
             ... with an iron shot
             ... on level 1 of the Tomb of the Ancients.
             The game lasted 02:49:33 (51228 turns).

greenreed the Minotaur Barricade (MiBe)            Turns: 51228, Time: 02:49:34

HP:   0/216 (218)   AC: 28    Str: 47    XL:     21   Next: 67%
MP:   20/20         EV: 13    Int:  1    God:    Trog [******]
Gold: 2864          SH: 30    Dex: 23    Spells: 20/20 levels left

rFire   + . .      SeeInvis +    q - +2 trident (holy)
rCold   + + .      Faith    +    g - +3 tower shield of the Sun {Rampage Dex+2}
rNeg    + . .      Spirit   .    Q - +1 gold dragon scales
rPois   +          Reflect  .    f - +1 hat of Xetheutimm {rPois Will- Str+9 Int-3}
rElec   +          Harm     .    K - scarf {+Inv}
rCorr   .          Rampage  +    a - +0 pair of gloves of Untruth {rPois Int+3 Dex+7}
Will    ++...                    N - +0 pair of boots {Stlth+}
Stlth   ..........               Y - amulet "Lewn" {Faith rElec Will++ Int-3 Stlth+}
HPRegen 0.56/turn                A - ring "Ruariak" {rN+ Str+9 Stlth-}
MPRegen 0.17/turn                m - ring of see invisible

@: slowed, studying Invocations, lightly drained, very slow
A: horns 2, retaliatory headbutt, talons 1, cold resistance 1, MP-powered wands
}: 2/15 runes: serpentine, barnacled
a: Renounce Religion, Evoke Invisibility, Berserk, Trog's Hand, Brothers in Arms


You were on level 1 of the Tomb of the Ancients.
You worshipped Trog.
Trog was exalted by your worship.
You visited 9 branches of the dungeon, and saw 39 of its levels.
You also visited: Gauntlet and Volcano.

You collected 5069 gold pieces.
You spent 2205 gold pieces at shops.

Inventory:

Hand Weapons
 p - the +5 demon trident of Accidental Termination {venom, rPois rC++ Dex+3}
   (You acquired it on level 14 of the Dungeon)

   It poisons the flesh of those it strikes.
   Dex:       It affects your dexterity (+3).
   rC:        It greatly protects you from cold.
   rPois:     It protects you from poison.
 q - a +2 trident of holy wrath (weapon)
 F - a +9 demon trident of draining
 R - the +4 great sword of the Red Skies {pain, Fly rF- rC+++ MP-9}
   (You found it on level 7 of the Dungeon)

   In the hands of one skilled in necromantic magic, it inflicts extra damage on
   living creatures.
   rF:        It makes you vulnerable to fire.
   rC:        It renders you almost immune to cold.
   MP:        It affects your magic capacity (-9).
   Fly:       It grants you flight.
   Trog disapproves of the use of such an item.
Missiles
 B - 11 curare-tipped darts (quivered)
Armour
 a - the +0 pair of gloves of Untruth (worn) {rPois Int+3 Dex+7}
   (You acquired it on level 13 of the Dungeon)

   Int:       It affects your intelligence (+3).
   Dex:       It affects your dexterity (+7).
   rPois:     It protects you from poison.
 f - the +1 hat of Xetheutimm (worn) {rPois Will- Str+9 Int-3}
   (You found it on level 3 of the Snake Pit)

   Str:       It affects your strength (+9).
   Int:       It affects your intelligence (-3).
   rPois:     It protects you from poison.
   Will:      It decreases your willpower.
 g - the +3 tower shield of the Sun (worn) {Rampage Dex+2}
   (You acquired it on level 12 of the Dungeon)

   Dex:       It affects your dexterity (+2).
   Rampage:   It bestows one free step when moving towards enemies.
 K - a scarf of invisibility (worn)
 N - a +0 pair of boots of stealth (worn)
 Q - +1 gold dragon scales (worn)
Jewellery
 i - a +4 ring of slaying
 m - a ring of see invisible (right hand)
 r - the ring "Bergh" {rPois rC+ rN+}
   (You found it on level 3 of the Crypt)

   [ring of positive energy]

   rC:        It protects you from cold.
   rPois:     It protects you from poison.
   rN:        It protects you from negative energy.
 s - a ring of protection from fire
 A - the ring "Ruariak" (left hand) {rN+ Str+9 Stlth-}
   (You found it on level 3 of the Crypt)

   [ring of positive energy]

   Str:       It affects your strength (+9).
   rN:        It protects you from negative energy.
   Stlth:     It makes you less stealthy.
 X - a ring of willpower
 Y - the amulet "Lewn" (around neck) {Faith rElec Will++ Int-3 Stlth+}
   (You bought it in a shop on level 2 of the Orcish Mines)

   [amulet of faith]

   It allows you to gain divine favour quickly.
   Int:       It affects your intelligence (-3).
   rElec:     It insulates you from electricity.
   Will:      It greatly increases your willpower.
   Stlth:     It makes you more stealthy.
Wands
 b - a wand of mindburst (23)
 z - a wand of iceblast (27)
 D - a wand of digging (15)
 G - a wand of flame (72)
 U - a wand of polymorph (6)
 W - a wand of paralysis (13)
 Z - a wand of light (11)
Scrolls
 d - 11 scrolls of enchant armour
 e - 15 scrolls of magic mapping
 j - 13 scrolls of teleportation
 k - 9 scrolls of immolation
 n - 6 scrolls of summoning
 t - 9 scrolls of poison
 u - 2 scrolls of silence
 w - 12 scrolls of blinking
 x - 2 scrolls of fear
 H - a scroll of enchant weapon
 J - 2 scrolls of torment
Potions
 o - 5 potions of might
 y - a potion of magic
 C - 5 potions of cancellation
 E - 8 potions of curing
 I - 2 potions of resistance
 L - 6 potions of invisibility
 M - 2 potions of heal wounds
 O - 3 potions of haste
 V - 3 potions of flight
Miscellaneous
 c - a lightning rod (4/4)
 h - a tin of tremorstones (2/2)
 l - a piece from Xom's chessboard (15/15)
 v - a phantom mirror
 P - a condenser vane
 S - a phial of floods
 T - a box of beasts


   Skills:
 * Level 25.4 Fighting
 - Level 14.0 Polearms
 + Level 1.0 Throwing
 + Level 18.9 Armour
 + Level 6.7 Dodging
 + Level 5.0 Stealth
 O Level 27 Shields
 * Level 12.8 Evocations


You had 20 spell levels left.
You didn't know any spells.
Your spell library was empty.

Dungeon Overview and Level Annotations

Branches:
Dungeon (15/15)            Temple (0/1) D:7            Lair (5/5) D:11
 Shoals (4/4) Lair:3        Snake (4/4) Lair:2        Slime (1/5) Lair:5
    Orc (2/2) D:11            Elf (0/3) Orc:2        Vaults (4/5) D:13
  Crypt (3/3) Vaults:3       Tomb (1/3) Crypt:3      Depths (0/4) D:15
Volcano (visited)         Gauntlet (visited)

Altars:
Gozag
Hepliaklqana
Kikubaaqudgha
Makhleb
Okawaru
Trog
Uskayaw
Yredelemnul
Zin
The Shining One
Jiyva

Shops:
D:2 [   D:4 =(*   D:6 (   D:8 (   D:10 *   D:11 (   Orc:2 ([*=?   Snake:3 !
Vaults:1 (   Vaults:3 (   Crypt:1 *

Annotations:
D:15 Kirke
Shoals:1 5 transporters
Crypt:1 3 runed translucent doors, exclusion: obsidian statue, Zogul's ghost, veteran MiGl


Innate Abilities, Weirdness & Mutations

You have a pair of horns on your head.
You reflexively headbutt those who attack you in melee.
You have sharp toenails.
Your flesh is cold resistant. (rC+)
You expend magic power (3 MP) to strengthen your wands.


Message History

The ancient champion mumbles some strange words.
The ancient champion seems to speed up.
You block the mummy's attack.
A mummy comes into view.
As you read the scroll of teleportation, it crumbles to dust.
You feel strangely unstable. The mummy closely misses you.
You furiously retaliate!
You headbutt the mummy! You hit the mummy.
The mummy convulses.
You destroy the mummy!
Trog accepts your kill.
You block the ancient champion's attack.
You hit the ancient champion.
The ancient champion convulses.
You headbutt the ancient champion!
The ancient champion is lightly damaged.
You block the ancient champion's attack.
You hit the mummy but do no damage.
You block the ancient champion's attack.
You hear a shout!
You block the ancient champion's attack.
You puncture the mummy!
You destroy the mummy!
Trog accepts your kill.
Your surroundings seem slightly different.
Found a glowing helmet.
You are too injured to fight recklessly!
Reach: q) +2 trident (holy)
Press: ? - help, Dir - move target, f - mummy
Aim: a mummy (about 15% to evade your +2 trident of holy wrath)
You reach to attack!
You puncture the mummy!
The mummy convulses.
You destroy the mummy!
Trog accepts your kill.
You rampage towards the ancient champion!
You block the ancient champion's attack. x2
The ancient champion hits you with a +2 great mace of draining.
* * * LOW HITPOINT WARNING * * *
You partially resist.
You feel drained.
You impale the ancient champion!!
The ancient champion convulses!
The ancient champion is severely damaged.
The ancient champion casts a spell at you.
The iron shot hits you!!
You die...

#### #..# #..# #..
#..#..............
..
#..#..............
##'' #..#
............. #...
#..# #...........
#....#z.#
#.9.........
#8...#@.#
#^.8.....8.M
#....)..#
#...........
#.......#
#...........
#....!..#
#..8.....8..
#8...#..#
#...........
#....#..#
#...........
#....#..#
#..8.....8..
##''##..#
#........... ...
#.[# #...........


You could see an ancient champion (fast).

Vanquished Creatures
  An ancient lich (Crypt:3)
  A dread lich (Crypt:3)
  Nikola (Shoals:1)
  Jorgrun (D:14)
  3 liches
  An acid blob (Slime:1)
  2 ancient champions (Crypt:2)
  Polyphemus (Shoals:2)
  A tengu reaver (Vaults:4)
  11 sphinxes
  Donald (Orc:2)
  Agnes (D:14)
  Roxanne (Snake:3)
  2 revenants
  5 nagarajas
  A rockslime (Slime:1)
  A deep elf sorcerer (Vaults:2)
  A curse skull (Crypt:3)
  4 ghouls (Crypt:2)
  15 vault wardens
  2 orc warlords
  A reaper (Crypt:2)
  15 ironbound preservers
  2 stone giants
  5 ironbound thunderhulks
  4 war gargoyles
  6 very ugly things
  Azrael (D:13)
  2 juggernaut skeletons (Crypt:3)
  Nessos (D:13)
  3 vampire knights
  16 dire elephants
  A minotaur (Gauntlet)
  4 eidola
  3 jiangshi (Crypt:2)
  A fire dragon (D:15)
  Josephine (D:12)
  A crystal guardian (Vaults:1)
  6 merfolk javelineers
  2 deep elf death magi
  4 salamander tyrants
  3 merfolk impalers (Shoals:4)
  8 yaktaur captains
  4 entropy weavers
  A spriggan zombie (Crypt:1)
  The ghost of Adieghoukh the Grappler, a journeyman DrTm of Ru (D:13)
  A great orb of eyes (shapeshifter) (D:14)
  7 great orbs of eyes
  A fenstrider witch zombie (Crypt:1)
  2 quicksilver dragon skeletons
  27 centaur warriors
  7 ironbound frosthearts
  A peacekeeper (Vaults:1)
  8 vault guards
  An ice dragon (D:15)
  3 hydras
  3 merfolk avatars
  2 alligator snapping turtles
  Erolcha (D:13)
  A catoblepas (Shoals:2)
  10 anacondas
  Erica (Orc:1)
  An ogre mage (D:14)
  3 two-headed ogres
  A fenstrider witch skeleton (Crypt:2)
  A spriggan skeleton (Crypt:3)
  5 boulder beetles
  3 death yaks
  9 naga warriors
  5 merfolk aquamancers (Shoals:4)
  2 satyrs
  A titan zombie (Crypt:1)
  3 orc high priests (Orc:2)
  2 tengu warriors
  7 shock serpents
  5 vampire magi
  Nergalle (D:11)
  9 naga sharpshooters
  A storm dragon zombie (Crypt:1)
  Urug (D:11)
  4 shadow wraiths
  5 salamander mystics
  A goliath frog (Lair:5)
  A glowing orange brain (Vaults:1)
  16 skeletal warriors
  A flayed ghost (Crypt:3)
  13 sea snakes
  34 deep trolls
  4 naga ritualists
  A bog body (Crypt:2)
  10 ironbound convokers
  4 wizards
  Pikel (D:5)
  A tengu zombie (Vaults:3)
  11 lindwurms
  15 harpies
  15 phantasmal warriors
  3 necromancers
  7 mana vipers
  An anaconda skeleton (Crypt:3)
  8 orc knights
  2 deep elf pyromancers (D:14)
  14 manticores
  3 iron giant skeletons
  20 ugly things
  20 salamanders
  4 fauns
  An iron dragon zombie (Tomb:1)
  An oklob plant (Lair:5)
  5 elephants (Lair:1)
  3 orc sorcerers
  An iron dragon skeleton (Crypt:1)
  11 merfolk sirens
  18 cyclopes
  33 black mambas
  5 centaur zombies (D:10)
  A moth of wrath (Snake:3)
  A dire elephant zombie (Crypt:2)
  10 fire giant skeletons (Crypt:3)
  A human skeleton (Crypt:3)
  A guardian serpent (Snake:2)
  The ghost of seaofthunder the Trooper, a novice HOFi of Beogh (D:5)
  7 gargoyles
  14 vault sentinels
  15 naga magi
  6 water nymphs
  3 torpor snails
  A smoke demon (Volcano)
  17 cane toads
  2 unseen horror zombies (D:10)
  A kobold demonologist (D:10)
  A yaktaur zombie (Vaults:3)
  2 unseen horrors (D:12)
  30 yaktaurs
  A naga skeleton (Crypt:2)
  A rime drake (Lair:4)
  10 komodo dragons
  A green draconian zombie (Crypt:2)
  A freezing wraith (D:14)
  2 green draconian skeletons
  The ghost of ders the Trooper, an amateur MiFi of Okawaru (D:5)
  7 guardian mummies
  14 merfolk
  2 polar bears
  4 wind drakes
  3 meliai (D:14)
  3 tyrant leeches
  6 trolls
  A harpy skeleton (Crypt:3)
  37 slime creatures
  13 snapping turtles
  19 dream sheep
  21 blink frogs
  An ettin zombie (Crypt:2)
  6 fire dragon skeletons (Crypt:3)
  A jumping spider (Vaults:3)
  2 human simulacra (Vaults:3)
  11 water elementals
  19 wraiths
  14 shadows
  2 ushabtiu (Tomb:1)
  16 humans (D:13)
  6 vampires
  2 wyverns
  3 hogs (D:14)
  6 steam dragons
  Grum (D:8)
  4 basilisks
  5 fire elementals (D:12)
  4 fire bats (Volcano)
  36 yaks
  The ghost of equiv the Slasher, an amateur DgWr (D:5)
  4 redbacks
  A redback simulacrum (D:12)
  A warg (Orc:2)
  3 acid dragons
  13 vampire mosquitoes
  44 nagas
  2 swamp worms (Gauntlet)
  19 water moccasins
  4 hell hounds
  28 orc warriors
  An ice beast (D:7)
  2 sky beasts
  3 black bears
  5 ogres
  9 wolves
  19 centaurs
  3 boggarts (Vaults:3)
  A blink frog skeleton (Crypt:2)
  Blork the orc (D:5)
  5 kobold brigands
  21 bullfrogs
  A gnoll sergeant (D:6)
  7 scorpions
  3 necrophages
  A warg zombie (Crypt:2)
  10 wights
  A troll zombie (Crypt:1)
  14 killer bees
  2 electric eels (Lair:5)
  10 howler monkeys
  5 hounds
  6 lava snakes (Volcano)
  4 jellies
  11 orc priests
  Jessica (D:3)
  2 iguanas (D:4)
  Natasha (thrice) (D:3)
  A black bear skeleton (Crypt:2)
  17 orc wizards
  An ogre zombie (Crypt:1)
  An acid dragon zombie (Crypt:1)
  An acid dragon skeleton (Crypt:1)
  15 mummies
  2 howler monkey zombies (D:10)
  Robin (D:2)
  3 gnolls (D:6)
  3 adders
  2 shadow imps
  A white imp (D:7)
  An ufetubus (D:6)
  3 worms
  4 dart slugs
  76 orcs
  10 endoplasms
  2 giant cockroaches
  12 hobgoblins
  4 jackals (D:5)
  5 quokkas
  6 ball pythons
  2 bats
  4 frilled lizards
  19 goblins
  A goblin zombie (Crypt:2)
  A hobgoblin skeleton (Crypt:1)
  17 kobolds
  An orc skeleton (Crypt:2)
  A quokka zombie (Crypt:1)
1474 creatures vanquished.

Vanquished Creatures (collateral kills)
  Mennas (Crypt:2)
  Bai Suzhen (Shoals:3)
  Saint Roka (Orc:2)
  Gastronok (Lair:1)
  The ghost of Itub the Severer, an adept GrFi of the Shining One (Snake:3)
  Aizul (Shoals:3)
  2 orc warlords
  An eidolon (Crypt:2)
  A merfolk javelineer (Shoals:4)
  A hydra (Lair:5)
  2 merfolk avatars
  3 anacondas (Snake:3)
  A boulder beetle (Orc:1)
  5 death yaks (Lair:5)
  2 shock serpents (Snake:3)
  A sea snake (Shoals:4)
  An orc knight (Vaults:3)
  A mana viper (Snake:3)
  An ironbound convoker (Vaults:2)
  An orc sorcerer (Orc:2)
  A moth of wrath (Snake:3)
  2 manticores
  2 merfolk sirens (Shoals:4)
  A black mamba (Snake:3)
  A black draconian zombie (Crypt:2)
  A cane toad (Lair:5)
  A yaktaur (Vaults:2)
  A merfolk (Shoals:4)
  A dream sheep (Lair:5)
  A blink frog (Lair:5)
  2 snapping turtles (Shoals:4)
  2 yaks (D:9)
  4 water elementals
  A wraith (Crypt:2)
  A vampire mosquito (D:10)
  A water moccasin (Lair:5)
  An orc warrior (Orc:1)
  An ogre (Orc:1)
  A bullfrog (Lair:5)
  A killer bee (D:9)
  2 jellies (Lair:5)
  An orc priest (Orc:1)
  An orc wizard (Orc:1)
  6 orcs
  2 kobolds (D:11)
68 creatures vanquished.

Vanquished Creatures (others)
  A sphinx (Tomb:1)
  A merfolk aquamancer (Shoals:4)
  A manticore (Shoals:4)
  A human skeleton (Vaults:3)
  A hell hound (Volcano)
  2 boggarts (Vaults:3)
  A bullfrog (Lair:5)
  An orc wizard (D:6)
  A kobold (D:10)
  29 fungi
  269 plants
  6 withered plants
314 creatures vanquished.

Grand Total: 1856 creatures vanquished

Notes
Turn   | Place    | Note
-------+----------+-------------------------------------------
     0 | D:1      | greenreed the Minotaur Berserker began the quest for the
                  | Orb.
     0 | D:1      | Reached XP level 1. HP: 19/19 MP: 0/0
   170 | D:1      | Reached XP level 2. HP: 27/27 MP: 1/1
   687 | D:2      | Reached XP level 3. HP: 30/33 MP: 2/2
   726 | D:2      | Reached ** piety under Trog
   900 | D:2      | Noticed Robin
   912 | D:2      | Reached skill level 5 in Polearms
   922 | D:2      | Killed Robin
   923 | D:2      | Reached XP level 4. HP: 37/41 MP: 3/3
  1316 | D:2      | Found Sedinuto's Armour Shop.
  1447 | D:3      | Reached *** piety under Trog
  1448 | D:3      | Reached XP level 5. HP: 29/47 MP: 4/4
  1666 | D:3      | Noticed Natasha
  1674 | D:3      | Killed Natasha
  1675 | D:3      | Reached skill level 5 in Fighting
  1701 | D:3      | Noticed Jessica
  1712 | D:3      | Killed Jessica
  1757 | D:3      | Noticed Natasha
  1768 | D:3      | Killed Natasha
  1769 | D:3      | Reached XP level 6. HP: 45/56 MP: 5/5
  1836 | D:3      | Noticed Natasha
  1841 | D:3      | Killed Natasha
  2160 | D:4      | Found Ytixetost's Assorted Antiques.
  2170 | D:4      | Bought a glowing soapstone amulet for 125 gold pieces
  2231 | D:4      | Found Duepnog's Weapon Emporium.
  2237 | D:4      | Bought 6 curare-tipped darts for 39 gold pieces
  2527 | D:4      | Found Paje's Jewellery Shop.
  2574 | D:4      | Reached skill level 1 in Stealth
  3168 | D:5      | Entered Level 5 of the Dungeon
  3168 | D:5      | Noticed Blork the orc
  3180 | D:5      | Killed Blork the orc
  3230 | D:5      | Reached XP level 7. HP: 57/61 MP: 6/6
  3388 | D:5      | Found a runed translucent gate.
  3389 | D:5      | Found a runed translucent gate.
  3390 | D:5      | Found a runed translucent gate.
  3392 | D:5      | Noticed equiv's ghost (amateur DgWr)
  3392 | D:5      | Noticed ders's ghost (amateur MiFi)
  3392 | D:5      | Noticed seaofthunder's ghost (novice HOFi)
  3461 | D:5      | Noticed Pikel
  3483 | D:5      | Killed Pikel
  3484 | D:5      | Reached XP level 8. HP: 60/70 MP: 7/7
  3606 | D:5      | Found a hazy altar of Hepliaklqana.
  4198 | D:6      | Found Uneirhit's Antique Weapon Emporium.
  4437 | D:6      | Reached skill level 1 in Shields
  4572 | D:6      | Reached skill level 10 in Polearms
  4679 | D:6      | Reached **** piety under Trog
  4904 | D:7      | Identified the +6 dagger "Fashreimo" {protect, rF- Will+
                  | Dex+3}
  5350 | D:7      | Reached skill level 2 in Shields
  5350 | D:7      | Reached XP level 9. HP: 61/79 MP: 8/8
  5440 | D:7      | Reached skill level 5 in Dodging
  5630 | D:7      | Found a staircase to the Ecumenical Temple.
  5739 | D:7      | Reached skill level 3 in Shields
  5939 | D:7      | Noticed a cyclops
  5951 | D:7      | Killed a cyclops
  5964 | D:7      | Noticed a boulder beetle
  6034 | D:7      | Killed a boulder beetle
  6035 | D:7      | Reached XP level 10. HP: 51/90 MP: 9/9
  6190 | D:7      | Identified the +10 morningstar "Otho" {flame, Dex+3}
  6204 | D:7      | Identified the +4 great sword of the Red Skies {pain, Fly
                  | rF- rC+++ MP-9}
  6205 | D:7      | Identified the +8 great sword "Nedeal" {drain, Str+3}
  6688 | D:8      | Noticed Grum
  6711 | D:8      | Killed Grum
  6712 | D:8      | Reached skill level 4 in Shields
  6817 | D:8      | Found a burning altar of Makhleb.
  6822 | D:8      | Found a bloodstained altar of Trog.
  7315 | D:8      | Found Vivvab's Antique Weapon Shoppe.
  7916 | D:9      | Reached skill level 5 in Armour
  8057 | D:9      | Found a glowing silver altar of Zin.
  8268 | D:9      | Reached skill level 10 in Fighting
  8268 | D:9      | Reached XP level 11. HP: 63/99 MP: 10/10
  8837 | D:4      | Bought an amulet of faith for 440 gold pieces
  9029 | D:10     | Entered Level 10 of the Dungeon
  9050 | D:10     | Reached skill level 5 in Shields
  9105 | D:10     | Reached ***** piety under Trog
  9151 | D:10     | Identified the +6 mace of Noucer {venom, *Noise Will+ rCorr
                  | Int+2}
  9220 | D:10     | Identified the +5 falchion of the Little People {pain, rC+}
  9478 | D:10     | Noticed a two-headed ogre
  9492 | D:10     | Killed a two-headed ogre
  9520 | D:10     | Found Hietad's Antique Artefacts.
  9564 | D:10     | Identified the +8 scimitar "Hivuri Ivec" {vorpal, rN++}
                  | (Trog gifted it to you on level 10 of the Dungeon)
  9564 | D:10     | Received a gift from Trog
  9565 | D:10     | Reached skill level 6 in Shields
  9689 | D:10     | Reached skill level 1 in Evocations
 10001 | D:4      | Bought a ring of see invisible for 165 gold pieces
 10418 | D:11     | Noticed Urug
 10425 | D:11     | Killed Urug
 10498 | D:11     | Reached XP level 12. HP: 112/113 MP: 11/11
 10501 | D:11     | Found a staircase to the Lair.
 10523 | D:11     | Noticed Nergalle
 10540 | D:11     | Killed Nergalle
 10551 | D:11     | Reached skill level 10 in Armour
 10759 | D:11     | Found Edinitt's Weapon Shop.
 10761 | D:11     | Found a staircase to the Orcish Mines.
 11090 | D:12     | Found a hide-covered altar of Uskayaw.
 11731 | D:12     | Identified the +3 rapier "Puir" {freeze, rElec Str+2 Int+2}
 12134 | D:12     | Noticed a two-headed ogre
 12140 | D:12     | Killed a two-headed ogre
 12236 | D:12     | Identified a scroll of acquirement
 12244 | D:12     | Acquired the +3 tower shield of the Sun {Rampage Dex+2}
 12300 | D:12     | Noticed Josephine
 12309 | D:12     | Killed Josephine
 12443 | D:13     | Noticed a two-headed ogre
 12443 | D:13     | Noticed a centaur warrior
 12443 | D:13     | Noticed a centaur warrior
 12443 | D:13     | Found a gate to the Vaults.
 12449 | D:12     | Killed a centaur warrior
 12623 | Lair:1   | Entered Level 1 of the Lair of Beasts
 12631 | Lair:1   | Reached skill level 7 in Shields
 13208 | Lair:1   | Reached skill level 8 in Shields
 13418 | Lair:1   | Reached XP level 13. HP: 118/124 MP: 12/12
 13488 | Lair:1   | Noticed Gastronok
 13497 | Lair:1   | Killed Gastronok
 13886 | Lair:2   | Reached skill level 9 in Shields
 14051 | Lair:2   | Found a staircase to the Snake Pit.
 14589 | Lair:2   | Reached skill level 10 in Shields
 15212 | Lair:3   | Reached skill level 11 in Shields
 15288 | Lair:3   | Found a staircase to the Shoals.
 15788 | Lair:4   | Reached skill level 5 in Evocations
 15857 | Lair:4   | Identified the amulet of the Wild Haggis {Harm rPois rN+
                  | Regen+}
 15863 | Lair:4   | Gained mutation: You are resistant to electric shocks.
                  | (rElec) [potion of mutation]
 16078 | Lair:4   | Reached skill level 12 in Shields
 16557 | Lair:5   | Entered Level 5 of the Lair of Beasts
 16594 | Lair:5   | Received a gift from Trog
 16796 | Lair:4   | Reached skill level 13 in Shields
 17069 | Lair:5   | Reached XP level 14. HP: 133/133 MP: 13/13
 17084 | Lair:5   | Found a staircase to the Slime Pits.
 17086 | Lair:5   | Found a viscous altar of Jiyva.
 17324 | Lair:5   | Reached skill level 14 in Shields
 17335 | Lair:5   | Identified the +0 cloak of Misanthropy {Rampage *Corrode
                  | Regen+ Dex+5}
 18452 | Orc:1    | Entered Level 1 of the Orcish Mines
 18452 | Orc:1    | Noticed Erica
 18465 | Orc:1    | Received a gift from Trog
 18471 | Orc:1    | Killed Erica
 18480 | Orc:1    | Reached skill level 15 in Shields
 18584 | Orc:1    | Noticed an orc warlord
 18595 | Orc:1    | Killed an orc warlord
 18610 | Orc:1    | Reached skill level 15 in Fighting
 18838 | Orc:2    | Entered Level 2 of the Orcish Mines
 18857 | Orc:2    | Found a gate leading to a gauntlet.
 18866 | Gauntlet | Entered a Gauntlet
 18866 | Gauntlet | Found a transporter.
 18870 | Gauntlet | Found a transporter.
 18876 | Gauntlet | Found a transporter.
 18877 | Gauntlet | Found a transporter.
 18879 | Gauntlet | Found a transporter.
 18880 | Gauntlet | Found a transporter.
 18915 | Gauntlet | Found a transporter.
 18915 | Gauntlet | Found a transporter.
 18972 | Gauntlet | Found a transporter.
 18995 | Gauntlet | Found a transporter.
 18995 | Gauntlet | Found a transporter.
 19008 | Gauntlet | Found a transporter.
 19472 | Orc:2    | Found a dark tunnel.
 19476 | Orc:2    | Gained mutation: Your body sometimes deteriorates upon
                  | taking damage. [a neqoxec]
 19481 | Volcano  | Entered a volcano
 19753 | Volcano  | Found a radiant altar of Vehumet.
 19805 | Volcano  | Found a burning altar of Makhleb.
 19863 | Volcano  | Received a gift from Trog
 20208 | Orc:2    | Reached skill level 16 in Shields
 20368 | Orc:2    | Found a staircase to the Elven Halls.
 20539 | Orc:2    | Noticed Donald
 20557 | Orc:2    | Killed Donald
 20622 | Orc:2    | Found Nuejuy's Magic Scroll Shoppe.
 20672 | Orc:2    | Found Ifi Umag's Jewellery Shop.
 20706 | Orc:2    | Bought the amulet "Lewn" {Faith rElec Will++ Int-3 Stlth+}
                  | for 1096 gold pieces
 21321 | Orc:2    | Noticed Saint Roka
 21340 | Orc:2    | Killed Saint Roka
 21341 | Orc:2    | Reached XP level 15. HP: 95/141 MP: 14/14
 21346 | Orc:2    | Found Oralocs's Antique Armour Emporium.
 21350 | Orc:2    | Found Mywnenu's Antique Weapon Shoppe.
 21482 | Orc:2    | Found Fuaqad's Assorted Antiques.
 21810 | D:13     | Noticed Azrael
 21940 | D:12     | Reached skill level 17 in Shields
 21960 | D:13     | Killed Azrael
 22367 | D:13     | Noticed Nessos
 22380 | D:13     | Killed Nessos
 22895 | D:13     | Received a gift from Trog
 23162 | D:13     | Reached skill level 18 in Shields
 23163 | D:13     | Noticed Erolcha
 23170 | D:13     | Killed Erolcha
 23171 | D:13     | You fall into a shaft and drop 2 floors!
 23171 | D:15     | Entered Level 15 of the Dungeon
 23480 | D:15     | Noticed Kirke
 24105 | D:13     | Found a runed translucent gate.
 24105 | D:13     | Found a runed translucent gate.
 24105 | D:13     | Found a runed translucent gate.
 24105 | D:13     | Found an iron altar of Okawaru.
 24105 | D:13     | Noticed Adieghoukh's ghost (journeyman DrTm)
 24106 | D:13     | Found the +3 salamander hide armour {Flames rF++ rC--}
 24133 | D:13     | Killed Adieghoukh's ghost
 24183 | D:13     | Identified the +11 scimitar of Umizalair {speed, rC+ Int+4
                  | Dex+3}
 24220 | D:13     | Acquired the +0 pair of gloves of Untruth {rPois Int+3
                  | Dex+7}
 24526 | D:14     | Reached skill level 19 in Shields
 24623 | D:14     | Acquired the +5 demon trident of Accidental Termination
                  | {venom, rPois rC++ Dex+3}
 24843 | D:14     | Found a glowing golden altar of the Shining One.
 24872 | D:14     | Noticed Jorgrun
 24880 | D:14     | Killed Jorgrun
 25161 | D:14     | Received a gift from Trog
 25165 | D:14     | Noticed Agnes
 25174 | D:14     | Killed Agnes
 25778 | D:15     | Reached XP level 16. HP: 120/151 MP: 15/15
 25788 | D:15     | Found a staircase to the Depths.
 26524 | D:15     | Lost mutation: Your body sometimes deteriorates upon taking
                  | damage. [potion of mutation]
 26524 | D:15     | Lost mutation: You are resistant to electric shocks.
                  | (rElec) [potion of mutation]
 26524 | D:15     | Gained mutation: You occasionally lose the ability to read
                  | scrolls when taking damage. [potion of mutation]
 26524 | D:15     | Gained mutation: You have a pair of large horns on your
                  | head. [potion of mutation]
 26525 | D:15     | Lost mutation: You have a pair of large horns on your head.
                  | [potion of mutation]
 26525 | D:15     | Lost mutation: You occasionally lose the ability to read
                  | scrolls when taking damage. [potion of mutation]
 26525 | D:15     | Gained mutation: Your body sometimes deteriorates upon
                  | taking damage. [potion of mutation]
 26525 | D:15     | Gained mutation: You are dopey. (Int -2) [potion of
                  | mutation]
 26526 | D:15     | Lost mutation: You are dopey. (Int -2) [potion of mutation]
 26526 | D:15     | Lost mutation: Your body sometimes deteriorates upon taking
                  | damage. [potion of mutation]
 26526 | D:15     | Gained mutation: You expend magic power (3 MP) to
                  | strengthen your wands. [potion of mutation]
 26526 | D:15     | Gained mutation: You have sharp toenails. [potion of
                  | mutation]
 26526 | D:15     | Gained mutation: Your flesh is cold resistant. (rC+)
                  | [potion of mutation]
 26804 | D:5      | Killed seaofthunder's ghost
 26806 | D:5      | Killed equiv's ghost
 26809 | D:5      | Killed ders's ghost
 27009 | Snake:1  | Entered Level 1 of the Snake Pit
 27175 | Snake:1  | Reached skill level 20 in Shields
 27783 | Snake:2  | Identified the +7 glaive of the Undead {flame, Dex+3
                  | Stlth+}
 27786 | Snake:2  | Identified the +0 leather armour of Least Resistance {rC+
                  | Str+3}
 28299 | Snake:2  | Found a hide-covered altar of Uskayaw.
 28369 | Snake:3  | Reached skill level 21 in Shields
 28388 | Snake:3  | Noticed Itub's ghost (adept GrFi)
 28571 | Snake:2  | Received a gift from Trog
 29050 | Snake:3  | Reached skill level 15 in Armour
 29548 | Snake:3  | Reached ****** piety under Trog
 29979 | Snake:3  | Found a transporter.
 29999 | Snake:3  | Found a transporter.
 29999 | Snake:3  | Identified Roxanne's Handbook of Changing
 29999 | Snake:3  | Noticed Roxanne
 30018 | Snake:3  | Killed Roxanne
 30160 | Snake:3  | Reached skill level 22 in Shields
 30167 | Snake:3  | HP: 7/152 [black mamba (1)]
 30181 | Snake:3  | Killed Itub's ghost
 30182 | Snake:3  | Reached XP level 17. HP: 25/160 MP: 1/16
 30440 | Snake:3  | Identified the +1 hat of Xetheutimm {rPois Will- Str+9
                  | Int-3}
 30566 | Snake:3  | Found Letraz's Distillery.
 30582 | Snake:3  | Bought a potion of haste for 170 gold pieces
 30582 | Snake:3  | Bought 2 potions of heal wounds for 170 gold pieces
 30661 | Snake:4  | Entered Level 4 of the Snake Pit
 31488 | Snake:4  | Received a gift from Trog
 32086 | Snake:4  | Reached skill level 23 in Shields
 32468 | Snake:4  | Got a serpentine rune of Zot
 32675 | Shoals:1 | Entered Level 1 of the Shoals
 32756 | Shoals:1 | Found a transporter.
 32756 | Shoals:1 | Found a transporter.
 32766 | Shoals:1 | Noticed Nikola
 32766 | Shoals:1 | Found a transporter.
 32766 | Shoals:1 | Found a transporter.
 32784 | Shoals:1 | Killed Nikola
 32798 | Shoals:1 | Identified the +6 spear of Pinent {flame, Will+ Dex+4}
                  | (Trog gifted it to you on level 1 of the Shoals)
 32798 | Shoals:1 | Received a gift from Trog
 32912 | Shoals:1 | Found a transporter.
 32915 | Shoals:1 | Found a transporter.
 33505 | Shoals:2 | Noticed Polyphemus
 33941 | Shoals:2 | Reached skill level 5 in Stealth
 34355 | Shoals:2 | You fall into a shaft and drop 1 floor!
 34380 | Shoals:3 | Noticed Bai Suzhen
 34384 | Shoals:3 | Noticed Aizul
 34399 | Shoals:3 | Killed Bai Suzhen
 34400 | Shoals:3 | Killed Aizul
 34703 | Shoals:3 | Reached skill level 24 in Shields
 34710 | Shoals:3 | Reached skill level 1 in Throwing
 34710 | Shoals:3 | Reached skill level 10 in Evocations
 34713 | Shoals:3 | Received a gift from Trog
 34935 | Shoals:3 | Reached XP level 18. HP: 102/170 MP: 17/17
 35323 | Shoals:2 | Killed Polyphemus
 35852 | Shoals:4 | Entered Level 4 of the Shoals
 35866 | Shoals:4 | Identified the +3 falchion of Benevolence {venom, rN+ Str+4
                  | Int+4 Dex-2}
 36260 | Shoals:4 | Received a gift from Trog
 36264 | Shoals:4 | Got a barnacled rune of Zot
 36273 | Shoals:4 | Reached skill level 25 in Shields
 37481 | Slime:1  | Entered Level 1 of the Pits of Slime
 37501 | Slime:1  | Received a gift from Trog
 37981 | Vaults:1 | Entered Level 1 of the Vaults
 38404 | Vaults:1 | Reached skill level 26 in Shields
 38709 | Vaults:1 | Reached XP level 19. HP: 159/179 MP: 18/18
 38737 | Vaults:1 | Received a gift from Trog
 39921 | Vaults:1 | Found Wasour's Weapon Boutique.
 40507 | Vaults:2 | Received a gift from Trog
 40850 | Vaults:2 | Reached skill level 27 in Shields
 41220 | Vaults:2 | Identified the +2 short sword of Bankruptcy {flame, rC+
                  | rCorr SInv Stlth+} (Trog gifted it to you on level 2 of the
                  | Vaults)
 41220 | Vaults:2 | Received a gift from Trog
 42547 | Vaults:3 | Received a gift from Trog
 42774 | Vaults:3 | Reached XP level 20. HP: 141/195 MP: 19/19
 43027 | Vaults:3 | Found Pacor's Weapon Shoppe.
 43588 | Vaults:3 | Identified the +7 spear "Qocesook" {vorpal, Int-2 SInv
                  | Stlth+} (Trog gifted it to you on level 3 of the Vaults)
 43588 | Vaults:3 | Received a gift from Trog
 44026 | Vaults:3 | Found a staircase to the Crypt.
 44026 | Vaults:3 | Found a basalt altar of Yredelemnul.
 44026 | Vaults:3 | Found an ancient bone altar of Kikubaaqudgha.
 44552 | Vaults:4 | Received a gift from Trog
 46435 | Crypt:1  | Entered Level 1 of the Crypt
 46958 | Crypt:1  | Found a runed translucent gate.
 46958 | Crypt:1  | Found a runed translucent gate.
 46958 | Crypt:1  | Found an opulent altar of Gozag.
 46958 | Crypt:1  | Found a runed translucent gate.
 46959 | Crypt:1  | Noticed Zogul's ghost (veteran MiGl)
 46961 | Crypt:1  | Found Cyxoefa's Assorted Antiques.
 47067 | Crypt:1  | Received a gift from Trog
 47957 | Crypt:2  | Reached XP level 21. HP: 146/209 MP: 20/20
 48264 | Crypt:2  | Identified the +6 tower shield of Zyoj {*Corrode +Blink
                  | Str+4}
 48264 | Crypt:2  | Noticed Mennas
 48273 | Crypt:2  | Killed Mennas
 48273 | Crypt:2  | Received a gift from Trog
 48645 | Crypt:3  | Entered Level 3 of the Crypt
 49047 | Crypt:3  | Identified the ring "Bergh" {rPois rC+ rN+}
 49047 | Crypt:3  | Identified the ring "Ruariak" {rN+ Str+9 Stlth-}
 49058 | Crypt:3  | Identified the +2 rapier of Dried Tears {drain, SInv}
 49531 | Crypt:3  | Identified the +7 eveningstar "Wufued" {vorpal, rF+ rN+
                  | rCorr} (Trog gifted it to you on level 3 of the Crypt)
 49531 | Crypt:3  | Received a gift from Trog
 49563 | Crypt:3  | Identified the +1 leather armour of Failure {rN+ Dex+4}
 50188 | Crypt:3  | Found a staircase to the Tomb.
 50188 | Crypt:3  | Noticed a dread lich
 50203 | Crypt:3  | Killed a dread lich
 50290 | Crypt:3  | Noticed an ancient lich
 50316 | Crypt:3  | Killed an ancient lich
 50859 | Tomb:1   | Entered Level 1 of the Tomb of the Ancients
 50902 | Tomb:1   | Received a gift from Trog
 50933 | Tomb:1   | Paralysed by a sphinx for 2 turns
 51190 | Tomb:1   | Noticed a royal mummy
 51228 | Tomb:1   | Killed from afar by an ancient champion

Illustrated notes

Levels and vault maps discovered:
D:1:      dreamdust_arrival_sigmund_warning, layout_loops_ring,
          hangedman_feature_mirror, minmay_tromino_v7
D:2:      layout_basic, serial_shops, nicolae_shop_crystal, nrook_uturn,
          uniq_robin
D:3:      layout_rooms, kennysheep_jessica_study, uniq_natasha
D:4:      layout_basic, serial_shops, nicolae_shop_hallway_plus,
          nicolae_inconvenience_store, nicolae_shop_stone,
          kennysheep_flooded_box, palyth_stone_intersect, chequers_arboretum
D:5:      layout_rooms, worldfamousw_hep_ancestral_shrine,
          gammafunk_ghost_cemetery, uniq_blork_the_orc, uniq_pikel
D:6:      layout_loops_corners, serial_shops, shop
D:7:      layout_basic, temple_green, minmay_misc_feat_roman,
          minmay_the_grid_2x2 [minmay_the_grid_rooms, minmay_the_grid_slots,
          minmay_the_grid_dragon_a, minmay_the_grid_prize_diamond_cup]
D:8:      layout_basic, jmf_multi_god_temple, serial_shops, shop, uniq_grum
D:9:      layout_roguey, kennysheep_little_box, serial_glass, glass_columns_c,
          glass_columns_a, glass_columns_b, glass_columns_b, glass_columns_c,
          glass_columns_b, glass_columns_a, glass_columns_c, minmay_starry_boxes
D:10:     layout_roguey, serial_undead, serial_undead_e, serial_undead_d,
          serial_undead_f, serial_undead_a, serial_undead_d, serial_undead_c,
          nicolae_antique_artefacts
D:11:     layout_roguey, due_lair_maze_entry_diamond, orc_david_3, uniq_urug,
          uniq_nergalle
D:12:     layout_grid_maze, nicolae_uskayaw_en_pointe, uniq_josephine
D:13:     layout_loops_corners, david_vaults_3, gammafunk_ghost_fury_of_okawaru,
          uniq_erolcha, uniq_azrael, uniq_nessos
D:14:     layout_loops_ring, serial_bayou, serial_bayou_pond_c,
          serial_bayou_lagoon_a, serial_bayou_pond_d, serial_bayou_crossing,
          serial_bayou_shore_b, serial_bayou_pond_c, tso_altar,
          chequers_serial_rivers_micro_e, minmay_librarian, uniq_jorgrun,
          uniq_agnes
D:15:     grunt_enter_depths_hoard, layout_grid_maze,
          hangedman_decor_diamond_cutter, bh_walls_and_bars, uniq_kirke
Lair:1:   layout_loops_ring, grunt_megastairs_4, infiniplex_staircase_pool,
          uniq_gastronok
Lair:2:   layout_long_grid, guppyfry_snake_entry_garden
Lair:3:   layout_roguey, elwin_shoals_entry_rooms, grunt_forest_stairs_basic,
          patterned_corridor
Lair:4:   layout_regular_city, grunt_megastairs_5
Lair:5:   minmay_lair_end_frog_pond, layout_cave_pods,
          nicolae_slime_entry_slimehenge
Shoals:1: layout_shoals, nicolae_shoals_lost_giant_hut, serial_nicolae_subway,
          nicolae_sub_station_metal, nicolae_sub_station_crystal,
          nicolae_sub_station_stone, uniq_nikola
Shoals:2: layout_shoals, uniq_ilsuiw, uniq_polyphemus
Shoals:3: layout_shoals, st_cyclops, uniq_aizul, uniq_bai_suzhen
Shoals:4: shoals_end_simple, layout_shoals
Snake:1:  layout_rooms, library_closet, serial_bayou_shore_b
Snake:2:  layout_misc_corridors, basic_altar, serial_bayou_shore_b
Snake:3:  layout_cave_shapes, gammafunk_ghost_berserking_beasts, serial_shops,
          shop, uniq_roxanne
Snake:4:  minmay_snake_end_coiled, layout_cave_town
Slime:1:  layout_caves
Orc:1:    layout_caves, rock_pile, uniq_erica
Orc:2:    grunt_orc_community_town_hall, layout_caves,
          grunt_orc_community_big_house_2, grunt_orc_community_big_house_1,
          grunt_orc_community_house_3, grunt_orc_community_house_1,
          grunt_orc_community_house_1, grunt_orc_community_house_1,
          gauntlet_entry_generic, serial_shops, shop_fountains, basic_altar,
          nicolae_volcano_entry_vermiform, nicolae_orc_crystal_geode,
          uniq_donald
Vaults:1: hangedman_vaults_stretched_pinwheel, grunt_vaults_focal,
          hangedman_vaults_nodes, nicolae_vaults_ninety_degrees,
          v_alt_pattern_3, vaults_room_grunt_arrival_ludios,
          vaults_room_mumra_shop_pool, vaults_mumra_minichess,
          layout_vaults_omnigrid
Vaults:2: v_rooms_5, dpeg_vaults_monster_doublerow, nicolae_vaults_what_the_h,
          nicolae_vaults_hallways_thing, ontoclasm_vaults_tryst,
          hangedman_vaults_pinch, hangedman_vaults_impose, v_misc_31, v_misc_8,
          hangedman_vaults_unwind, vaults_dpeg_encased_lava, v_misc_1,
          vaults_dpeg_cross, nicolae_vaults_little_squares_4, v_misc_24,
          nicolae_vaults_little_squares_2, layout_vaults_maze
Vaults:3: minmay_crypt_entry_necro_gods, vaults_room_large_hall,
          hangedman_vaults_cutoff, grunt_vaults_diagonal,
          nicolae_vaults_asterisk, vaults_mumra_lcd, nicolae_vaults_rhombus_6,
          v_misc_33, ontoclasm_vaults_eye, vaults_dpeg_ring, v_rooms_4,
          v_misc_30, layout_vaults_omnicross, serial_shops,
          nicolae_shop_competitors_out_of_business
Vaults:4: v_misc_11, vaults_standard_mumra_enter_the_diamond,
          hangedman_vaults_stretched_pinwheel, ontoclasm_vaults_pinch, v_misc_3,
          v_pattern_5, grunt_vaults_swirl, nicolae_vaults_inception_scallops,
          nicolae_vaults_mini_display_case, v_misc_19, layout_vaults_omnibox
Crypt:1:  layout_gridlike, ebering_ghost_gozag, grunt_crypt_arrival_split
Crypt:2:  layout_misc_corridors, grunt_ministairs_13, st_burial_chamber,
          uniq_josephina, uniq_mennas
Crypt:3:  quadcrypt_mu
Tomb:1

Skill      XL: |  1  2  3  4  5  6  7  8  9 10 11 12 13 14 15 16 17 18 19 20 21 |
---------------+----------------------------------------------------------------+-----
Polearms       | 4 5 6 7 9 10 12 14 | 14.0
Fighting       | 4 5 6 7 8 10 12 14 15 16 17 18 20 23 25 | 25.4
Dodging        | 3 4 5 6 |  6.7
Stealth        | 1 2 3 4 5 |  5.0
Shields        | 2 3 4 6 8 13 16 19 22 24 26 27 | 27.0
Armour         | 5 9 12 13 14 15 16 17 18 | 18.9
Evocations     | 1 4 5 6 7 9 10 11 12 | 12.8
Throwing       | 1 |  1.0

Action                   |  1- 3 |  4- 6 |  7- 9 | 10-12 | 13-15 | 16-18 | 19-21 || total
-------------------------+-------+-------+-------+-------+-------+-------+-------++-------
Melee: Spear             |   105 |   180 |   339 |       |       |       |       ||   624
       Headbutt          |    20 |    23 |    46 |   152 |   328 |   354 |   614 ||  1537
       Punch             |       |     3 |     5 |     7 |       |       |       ||    15
       Trident           |       |       |       |   720 |  1487 |       |   782 ||  2989
       Demon trident     |       |       |       |       |   116 |  1657 |  1110 ||  2883
Throw: Dart              |       |       |     2 |       |       |     2 |     1 ||     5
Invok: Berserk           |     1 |     1 |     6 |     4 |     6 |     2 |     1 ||    21
       Trog's Hand       |       |       |     1 |     1 |       |     2 |     1 ||     5
       Brothers in Arms  |       |       |       |     5 |     9 |     8 |     5 ||    27
Evoke: Wand              |       |       |       |       |       |     1 |     2 ||     3
       Phantom mirror    |       |       |       |       |       |     1 |       ||     1
  Use: Scroll            |       |       |       |    16 |    13 |    10 |     3 ||    42
       Potion            |       |       |       |       |     7 |     9 |       ||    16
 Stab: Sleeping          |       |     2 |     2 |       |       |       |       ||     4
       Distracted        |       |       |     1 |       |     2 |     2 |       ||     5
       Petrifying        |       |       |       |       |       |     1 |       ||     1
Armor: Animal skin       |     6 |    26 |    44 |       |       |       |       ||    76
       Steam dragon scal |       |       |     2 |       |       |       |       ||     2
       Gold dragon scale |       |       |       |   362 |   576 |   386 |   277 ||  1601
Dodge: Dodged            |    29 |    43 |    73 |   122 |   163 |   266 |   192 ||   888
Block: Other             |       |     7 |    22 |    45 |       |       |       ||    74
       Reflection        |       |       |     1 |     1 |       |       |       ||     2
       Tower shield      |       |       |       |   123 |  1408 |  1715 |  1349 ||  4595

Table legend: (Time is in decaauts)
 A = Elapsed time spent in this place.
 B = Non-inter-level travel time spent in this place.
 C = Inter-level travel time spent in this place.
 D = Time resting spent in this place.
 E = Time spent auto-exploring this place.
 F = Levels seen in this place.
 G = Mean time per level.
                   A        B        C        D        E       F      G
               +--------+--------+--------+--------+--------+-----+--------+
         Total |  49800 |  45774 |   4026 |   4723 |  31607 |  41 | 1214.6 |
       Dungeon |  17639 |  15668 |   1971 |    986 |  11972 |  15 | 1175.9 |
          Lair |   6530 |   5774 |    756 |    534 |   4137 |   5 | 1306.0 |
        Shoals |   4848 |   4531 |    317 |    781 |   2540 |   4 | 1212.0 |
     Snake Pit |   5440 |   5188 |    252 |   1887 |   2333 |   4 | 1360.0 |
    Slime Pits |     33 |     33 |      0 |      0 |      0 |   1 |   33.0 |
  Orcish Mines |   2249 |   2150 |     99 |      7 |   1525 |   2 | 1124.5 |
        Vaults |   7590 |   7152 |    438 |    359 |   5582 |   4 | 1897.5 |
         Crypt |   4112 |   3919 |    193 |    102 |   2841 |   3 | 1370.7 |
          Tomb |    384 |    384 |      0 |      0 |    233 |   1 |  384.0 |
       Volcano |    437 |    437 |      0 |     46 |    233 |   1 |  437.0 |
      Gauntlet |    534 |    534 |      0 |     19 |    209 |   1 |  534.0 |
               +--------+--------+--------+--------+--------+-----+--------+

Top non-repeatable levels by time:
Vaults:1: 2359 daAuts
Vaults:2: 2094 daAuts
 Crypt:3: 2088 daAuts
    D:12: 2068 daAuts
  Lair:5: 1941 daAuts
 Snake:2: 1857 daAuts
 Snake:3: 1827 daAuts
     D:7: 1777 daAuts
Vaults:3: 1745 daAuts
   Orc:2: 1666 daAuts
    D:13: 1632 daAuts
Shoals:4: 1541 daAuts
     D:4: 1453 daAuts
    D:14: 1426 daAuts
Vaults:4: 1390 daAuts
